AoeStats
← buzzkill

Arabian Desert

510427574Analyzed
1v1 RM · 17h ago on Oct 1, 2026· 42m 17s· 2 players
Game mode
Random Map
Map size
Tiny (2 player)
Population
200
Speed
Normal
Resources
Standard
Victory
Conquest
Starting age
Dark Age
Ending age
Imperial Age
RankedLock teamsTeams togetherTeam positionsShared explorationLock speedFull tech treeHidden civsTurbo modeCheats
Victory
Defeat
🇺🇸 Maya · United States
1132
+18
🇦🇷 Varangians · Argentina
1180
-18
buzzkill
0:31 Loom
10:57 Feudal Age
11:59 Double-Bit Axe
20:05 Castle Age
18:30 Fletching
19:41 Padded Archer Armor
21:03 Crossbowman
24:00 Bodkin Arrow
27:03 Ballistics
27:36 Bow Saw
32:30 Eagle Warrior
35:48 Squires
41:21 Imperial Age
42:07 Thumb Ring
josecai3314
0:42 Loom
10:32 Feudal Age
14:21 Castle Age
24:23 Scale Barding Armor
32:33 Chain Barding Armor
Connection lost

Rejoining the realm…

Still unreachable

The connection could not be restored.

Session expired

The server has moved on; the page needs a fresh start.